 Dungeon Crawl Stone Soup version 0.20.1-1-g8b1a95d (webtiles) character file.

532 empire the Conjurer (level 7, -3/46 HPs)
             Began as a Mummy Wizard on Oct 23, 2017.
             Slain by a gnoll
             ... wielding a +0 spear
              (8 damage)
             ... on level 4 of the Dungeon.
             The game lasted 00:10:02 (4153 turns).

empire the Conjurer (Mummy Wizard)                  Turns: 4153, Time: 00:10:03

Health: -3/46      AC:  4    Str: 10    XL:     7   Next: 3%
Magic:  3/13       EV: 12    Int: 20    God:
Gold:   195        SH:  0    Dex: 10    Spells: 3/14 levels left

rFire    x . .     SeeInvis .   a - +1 dagger (venom)
rCold    + . .     Gourm    .   (no shield)
rNeg     + + +     Faith    .   e - +0 robe
rPois    ∞         Spirit   .   f - +1 helmet
rElec    .         Reflect  .   (no cloak)
rCorr    .         Harm     .   (no gloves)
MR       .....                  (no boots)
Stlth    ++........             (no amulet)
Regen    0.2/turn               (no ring)
MPRegen  0.2/turn               (no ring)

@: no status effects
A: no food or potions, fire vulnerability, cold resistance 1, negative energy
resistance 3, torment resistance, unbreathing
a: no special abilities


You were on level 4 of the Dungeon.
You were not hungry.

You visited 1 branch of the dungeon, and saw 4 of its levels.

You collected 195 gold pieces.

Inventory:

Hand Weapons
 a - a +1 dagger of venom (weapon)
 n - a +3 dagger
Missiles
 h - 8 javelins (quivered)
Armour
 e - a +0 robe (worn)
 f - a +1 helmet (worn)
Magical Staves
 b - an uncursed staff of energy
Jewellery
 l - a cursed ring of teleportation {unknown}
Wands
 j - a wand of iceblast (8/15)
 k - a wand of clouds (6/9)
Scrolls
 d - 3 scrolls of identify {unknown}
 g - a scroll of blinking {unknown}
 i - a scroll of magic mapping {unknown}
 m - a scroll of enchant armour {unknown}
Books
 c - a book of Minor Magic

   Spells                             Type                      Level
   a - Magic Dart                     Conjuration                  1
   b - Blink                          Translocation                2
   c - Call Imp                       Summoning                    2
   d - Slow                           Hexes                        2
   e - Conjure Flame                  Conjuration/Fire             3
   f - Mephitic Cloud                 Conjuration/Poison/Air       3


   Skills:
 - Level 1.5 Dodging
 - Level 1.5 Stealth
 - Level 4.0 Spellcasting
 + Level 6.2 Conjurations
 - Level 0.7 Summonings
 - Level 0.7 Translocations


You had 3 spell levels left.
You knew the following spells:

 Your Spells              Type           Power        Failure   Level  Hunger
a - Magic Dart            Conj           ####         1%          1    N/A
b - Call Imp              Summ           #.......     14%         2    N/A
c - Blink                 Tloc           N/A          14%         2    N/A
d - Mephitic Cloud        Conj/Pois/Air  ##......     16%         3    N/A
e - Conjure Flame         Conj/Fire      ###.....     11%         3    N/A

Dungeon Overview and Level Annotations

Branches:
Dungeon (4/15)
 Temple: D:4-7

Altars:
Ru

Annotations:
D:3 Robin


Innate Abilities, Weirdness & Mutations

You do not eat or drink.
Your flesh is vulnerable to fire.
You are immune to poison.
Your flesh is cold resistant. (rC+)
You are immune to negative energy. (rN+++)
You are immune to unholy pain and torment.
You can survive without breathing.


Message History

You barely miss the gnoll.
The gnoll is almost dead.
You kill the gnoll!
The gnoll hits you from afar with a spear.
* * * LOW HITPOINT WARNING * * *
The gnoll misses you.
Things that are here:
a whip; a jackal corpse You barely miss the gnoll.
The gnoll barely misses you.
You hit the gnoll.
The gnoll is poisoned.
The gnoll is lightly wounded.
The gnoll hits you with a spear!
* * * LOW HITPOINT WARNING * * *
The gnoll hits you but does no damage. The gnoll hits you but does no damage.
Casting: Call Imp
Confirm with . or Enter, or press ? or * to list all spells.
A beastly little devil appears in a puff of flame.
The gnoll hits you from afar with a spear!
You die...

#.# #)#
#####)##
#......##
###.......#
..........##
#....)...#
#.###.#.##
#@###)# #
#5.g))#
#####.# #.#
#.# ..# ##.#
#.. #.#


You could see a gnoll and a friendly crimson imp.

Vanquished Creatures
  Grinder (D:3)
  A phantom (D:3)
  2 orc priests
  5 gnolls
  6 adders
  A worm (D:4)
  A dart slug (D:1)
  4 leopard geckos
  8 orcs
  7 bats
  A giant cockroach (D:2)
  15 goblins
  14 hobgoblins
  A jackal (D:4)
  2 ball pythons
  3 frilled lizards
  4 kobolds
  6 rats
82 creatures vanquished.

Vanquished Creatures (collateral kills)
  An orc (D:4)
1 creature vanquished.

Grand Total: 83 creatures vanquished

Notes
Turn   | Place    | Note
-------+----------+-------------------------------------------
     0 | D:1      | empire the Mummy Wizard began the quest for the Orb.
     0 | D:1      | Reached XP level 1. HP: 13/13 MP: 5/5
    33 | D:1      | Reached skill level 1 in Conjurations
   180 | D:1      | Reached XP level 2. HP: 19/19 MP: 4/7
   586 | D:1      | Reached skill level 2 in Conjurations
   657 | D:1      | Learned a level 2 spell: Call Imp
   660 | D:1      | Learned a level 2 spell: Blink
   885 | D:2      | Reached XP level 3. HP: 18/24 MP: 0/8
  1451 | D:2      | Reached skill level 3 in Conjurations
  1460 | D:2      | Reached XP level 4. HP: 12/30 MP: 1/10
  1671 | D:2      | Learned a level 3 spell: Mephitic Cloud
  1675 | D:2      | Learned a level 3 spell: Conjure Flame
  2442 | D:3      | Found a sacrificial altar of Ru.
  2476 | D:3      | Noticed a phantom
  2504 | D:3      | Killed a phantom
  2504 | D:3      | Reached skill level 4 in Conjurations
  2504 | D:3      | Reached XP level 5. HP: 22/35 MP: 1/11
  3099 | D:3      | Noticed Grinder
  3108 | D:3      | Paralysed by Grinder for 3 turns
  3122 | D:3      | Killed Grinder
  3122 | D:3      | Reached skill level 5 in Conjurations
  3122 | D:3      | Reached XP level 6. HP: 17/41 MP: 1/12
  3591 | D:3      | Noticed Robin
  3897 | D:4      | Reached skill level 6 in Conjurations
  4139 | D:4      | Reached XP level 7. HP: 22/46 MP: 4/13
  4153 | D:4      | Slain by a gnoll

Skill      XL: |  1  2  3  4  5  6 |
---------------+-------------------+-----
Conjurations   | 1 2 3 4 5 6 |  6.2
Dodging        | |  1.5
Stealth        | |  1.5
Spellcasting   | |  4.0
Summonings     | |  0.7
Translocations | |  0.7

Action                   |  1- 3 |  4- 6 |  7- 9 || total
-------------------------+-------+-------+-------++-------
Melee: Club              |    17 |       |       ||    17
       Dagger            |    16 |    80 |     9 ||   105
       Staff             |     4 |    10 |       ||    14
 Cast: Magic Dart        |    60 |    94 |       ||   154
       Call Imp          |       |     7 |     1 ||     8
Evoke: Staff of energy   |     1 |    10 |       ||    11
Armor: Robe              |    12 |    32 |     2 ||    46
Dodge: Dodged            |    43 |   100 |     7 ||   150
